AoeStats
← KCAPT1559

Arabia

506502641Analyzed
3v3 RM · 18d ago on Sep 13, 2026· 56m 48s· 6 players
Game mode
Random Map
Map size
Normal (6 player)
Population
200
Speed
Normal
Resources
Standard
Victory
Conquest
Starting age
Dark Age
Ending age
Imperial Age
RankedLock teamsTeams togetherTeam positionsShared explorationLock speedFull tech treeHidden civsTurbo modeCheats
Victory
Defeat
🇦🇷 Franks · Argentina
900
+15
🇦🇷 Teutons · Argentina
898
+15
🇦🇷 Berbers · Argentina
883
+16
🇧🇪 Vietnamese · Belgium
883
-15
🇵🇹 Malay · Portugal
883
-16
🇨🇱 Persians · Chile
881
-15
matyzinho<3
10:26 Loom
16:22 Feudal Age
17:07 Double-Bit Axe
21:43 Forging
25:04 Castle Age
26:17 Bow Saw
26:19 Pikeman
32:21 Imperial Age
29:46 Arson
30:44 Kamandaran
30:39 Fletching
30:58 Thumb Ring
32:09 Padded Archer Armor
33:56 Conscription
34:58 Crossbowman
36:46 Conscription
35:53 Crossbowman
37:14 Bodkin Arrow
37:27 Scale Barding Armor
37:33 Town Watch
39:16 Iron Casting
38:37 Gold Mining
39:21 Stone Mining
39:43 Murder Holes
44:06 Chemistry
43:27 Ballistics
45:06 Two-Man Saw
45:31 Gold Shaft Mining
47:44 Wheelbarrow
46:31 Halberdier
48:16 Blast Furnace
47:17 Scale Mail Armor
57:22 Stone Shaft Mining
Makaveli
0:27 Loom
11:35 Feudal Age
12:03 Horse Collar
15:42 Double-Bit Axe
21:15 Wheelbarrow
21:28 Stone Mining
21:33 Fletching
25:09 Castle Age
23:25 Gold Mining
24:45 Arson
25:05 Scale Mail Armor
25:16 Forging
26:16 Bow Saw
26:09 Heavy Plow
27:03 Squires
28:14 Chain Mail Armor
30:07 Hand Cart
29:43 Town Watch
39:01 Imperial Age
38:09 Scale Barding Armor
38:40 Iron Casting
38:01 Bodkin Arrow
38:51 Town Patrol
39:39 Bloodlines
39:31 Husbandry
40:04 Elite Battle Elephant
42:28 Chain Barding Armor
43:23 Ballistics
43:14 Fortified Wall
42:57 Guard Tower
45:55 Hoardings
45:26 Chatras
48:22 Chemistry
47:11 Elite Skirmisher
48:12 Murder Holes
50:26 Light Cavalry
51:29 Padded Archer Armor
51:30 Bracer
51:42 Imperial Skirmisher
53:46 Paper Money
55:40 Man-at-Arms
KCAPT1559
3:30 Loom
14:05 Feudal Age
14:20 Double-Bit Axe
18:26 Wheelbarrow
18:19 Horse Collar
22:27 Castle Age
23:19 Scale Barding Armor
25:52 Pikeman
32:05 Husbandry
32:36 Town Watch
33:23 Gold Mining
41:11 Hand Cart
46:03 Imperial Age
44:47 Arson
45:03 Squires
45:14 Forging
45:05 Stone Mining
45:50 Gold Shaft Mining
45:57 Gold Shaft Mining
46:55 Iron Casting
47:00 Conscription
47:39 Halberdier
50:53 Forced Levy
TURCOLLINS
7:11 Loom
9:44 Feudal Age
20:12 Castle Age
18:20 Double-Bit Axe
19:51 Scale Barding Armor
20:56 Forging
21:27 Bow Saw
21:53 Husbandry
22:26 Gold Mining
24:06 Squires
24:26 Pikeman
34:12 Wheelbarrow
38:29 Imperial Age
36:37 Hand Cart
40:04 Gold Shaft Mining
39:19 Stone Mining
39:05 Cavalier
45:23 Conscription
45:27 Chain Barding Armor
45:43 Iron Casting
48:09 Paladin
49:21 Man-at-Arms
49:47 Gambesons
53:29 Halberdier
55:58 Plate Barding Armor
56:24 Blast Furnace
55:27 Scale Mail Armor
55:33 Caravan
56:02 Town Watch
IdlePlebeyo
9:36 Feudal Age
7:52 Loom
11:46 Double-Bit Axe
18:02 Wheelbarrow
17:56 Scale Mail Armor
18:07 Forging
19:52 Man-at-Arms
24:57 Castle Age
25:06 Pikeman
25:50 Squires
29:33 Iron Casting
30:57 Chain Mail Armor
36:13 Bow Saw
39:42 Fletching
39:53 Padded Archer Armor
40:00 Scale Barding Armor
44:05 Thumb Ring
49:02 Imperial Age
46:50 Hand Cart
50:36 Capped Ram
52:17 Conscription
52:29 Bodkin Arrow
55:39 Chemistry
54:26 Arrowslits
55:13 Ballistics
56:07 Murder Holes
56:23 Fortified Wall
Bitchslap
8:00 Loom
10:11 Feudal Age
14:48 Forging
15:38 Wheelbarrow
19:54 Scale Barding Armor
21:00 Town Watch
20:57 Horse Collar
23:29 Castle Age
24:43 Bloodlines
28:24 Chain Barding Armor
27:55 Double-Bit Axe
28:30 Caravan
29:07 Gold Mining
29:42 Heavy Plow
29:37 Town Watch
31:12 Coinage
31:28 Hand Cart
31:14 Town Patrol
33:28 Iron Casting
32:50 Stone Mining
39:35 Imperial Age
37:27 Fletching
37:57 Elite Skirmisher
39:00 Ballistics
39:07 Bodkin Arrow
39:13 Gambesons
39:29 Squires
39:40 Cavalier
42:49 Paladin
44:43 Scale Mail Armor
45:22 Plate Barding Armor
45:33 Pikeman
46:38 Halberdier
48:30 Blast Furnace
51:34 Caravan
53:50 Bow Saw
54:53 Scale Mail Armor
55:49 Arson
Connection lost

Rejoining the realm…

Still unreachable

The connection could not be restored.

Session expired

The server has moved on; the page needs a fresh start.